 Dungeon Crawl Stone Soup version 0.18-b1-1-gfba2bb3 (webtiles) character file.

3763 Minkie the Covert (level 9, 0/57 HPs)
             Began as a Vampire Enchanter on Apr 27, 2016.
             Was a Follower of Sif Muna.
             Slain by a killer bee (3 damage)
             ... on level 7 of the Dungeon.
             The game lasted 00:32:39 (7916 turns).

Minkie the Covert (Vampire Enchanter)               Turns: 7916, Time: 00:32:40

Health: 0/57       AC:  6    Str:  7    XL:     9   Next: 94%
Magic:  3/17       EV: 13    Int: 21    God:    Sif Muna [*.....]
Gold:   489        SH:  0    Dex: 14    Spells: 3 memorised, 13 levels left

rFire  . . .     SeeInvis +     a - +1 dagger
rCold  + + .     Gourm    .     b - +1 robe
rNeg   + + +     Faith    .     (no shield)
rPois  ∞         Spirit   .     s - +0 helmet
rElec  .         Dismiss  .     k - +0 cloak
rCorr  .         Reflect  .     v - +0 pair of gloves
SustAt .         Harm     .     (no boots)
MR     +....                    (no amulet)
Stlth  ++++++....               q - +1 ring of evasion
                                h - ring of protection from magic

@: bloodless, non-regenerating, somewhat resistant to hostile enchantments, very
stealthy
A: fangs 3, see invisible, unbreathing
a: Bat Form, Channel Energy, Renounce Religion


You were on level 7 of the Dungeon.
You worshipped Sif Muna.
Sif Muna was aware of your devotion.
You were bloodless.

You visited 1 branch of the dungeon, and saw 8 of its levels.

You collected 489 gold pieces.

Inventory:

Hand Weapons
 a - a +1 dagger (weapon)
 Q - a +0 blowgun
Missiles
 e - 7 tomahawks (quivered)
 P - 42 poisoned needles
Armour
 b - a +1 robe (worn)
 k - a +0 cloak (worn)
 s - a +0 helmet (worn)
 v - a +0 pair of gloves (worn)
Jewellery
 h - a ring of protection from magic (left hand)
 q - a +1 ring of evasion (right hand)
 A - an uncursed ring of flight
 G - an uncursed ring of flight
 M - an uncursed ring of resist corrosion
 N - an uncursed ring of positive energy
Wands
 r - a wand of random effects (12/48)
 E - a wand of slowing (21/48)
 K - a wand of enslavement (12/24)
Scrolls
 f - 3 scrolls of fear {unknown}
 j - 3 scrolls of random uselessness {unknown}
 l - a scroll of noise {unknown}
 m - a scroll of enchant weapon {unknown}
 n - 4 scrolls of amnesia {unknown}
 t - 3 scrolls of remove curse {unknown}
 y - a scroll of enchant armour {unknown}
 z - 10 scrolls of identify {unknown}
 B - a scroll of blinking {unknown}
 D - 2 scrolls of teleportation {unknown}
 O - a scroll of magic mapping {unknown}
Potions
 d - 13 potions of blood
 g - 2 potions of invisibility {unknown}
 i - a potion of cure mutation {unknown}
 o - 2 potions of cancellation {unknown}
 p - 3 potions of heal wounds {unknown}
 u - 4 potions of flight {unknown}
 w - a potion of agility {unknown}
 C - a potion of curing {unknown}
 F - a potion of ambrosia {unknown}
 H - 2 potions of magic {unknown}
 I - 3 potions of brilliance {unknown}
 L - a potion of degeneration {unknown}
 S - a potion of berserk rage {unknown}
Books
 c - a book of Maledictions

   Spells                             Type                      Level
   a - Corona                         Hexes                        1
   b - Ensorcelled Hibernation        Hexes/Ice                    2
   c - Confuse                        Hexes                        3
   d - Tukima's Dance                 Hexes                        3
   e - Dazzling Spray                 Conjuration/Hexes            3
 x - a book of Changes

   Spells                             Type                      Level
   a - Beastly Appendage              Transmutation                1
   b - Sticks to Snakes               Transmutation                2
   c - Spider Form                    Transmutation/Poison         3
   d - Ice Form                       Ice/Transmutation            4
   e - Blade Hands                    Transmutation                5
 J - a Fen Folio

   Spells                             Type                      Level
   a - Corpse Rot                     Necromancy                   2
   b - Stone Arrow                    Conjuration/Earth            3
   c - Leda's Liquefaction            Hexes/Earth                  4
   d - Summon Forest                  Summoning/Translocation      5
   e - Hydra Form                     Transmutation                6
   f - Summon Hydra                   Summoning                    7
 R - a book of Conjurations

   Spells                             Type                      Level
   a - Magic Dart                     Conjuration                  1
   b - Searing Ray                    Conjuration                  2
   c - Dazzling Spray                 Conjuration/Hexes            3
   d - Fulminant Prism                Conjuration/Hexes            4
   e - Iskenderun's Mystic Blast      Conjuration                  4
   f - Iskenderun's Battlesphere      Conjuration/Charms           5


   Skills:
 * Level 9.9 Short Blades
 - Level 2.1 Dodging
 + Level 10.7 Stealth
 + Level 5.8 Spellcasting
 + Level 10.0 Hexes
 - Level 2.0 Ice Magic


You had 13 spell levels left.
You knew the following spells:

 Your Spells              Type           Power        Failure   Level  Hunger
a - Corona                Hex            #####..      1%          1    None
b - Ensorcelled Hibernat  Hex/Ice        ####..       1%          2    None
c - Confuse               Hex            #####...     1%          3    ##.....


Dungeon Overview and Level Annotations

Branches:
Dungeon (8/15)             Temple (0/1) D:6
   Lair: D:8-11

Altars:
Ashenzari
Cheibriados
Elyvilon
Fedhas
Gozag
Kikubaaqudgha
Makhleb
Okawaru
Pakellas
Sif Muna
Xom

Shops:
D:6 }

Annotations:
D:8 1 exclusion


Innate Abilities, Weirdness & Mutations

You do not heal naturally.
You are immune to poison.
You have razor-sharp teeth.
You have supernaturally acute eyesight.
You can survive without breathing.


Message History

There is a stone staircase leading down here.
Your transformation has ended.
Your +1 dagger unmelds from your body.
Your +0 cloak unmelds from your body.
Your +0 helmet unmelds from your body.
Your +0 pair of gloves unmelds from your body.
Your +1 robe unmelds from your body.
Your ring of protection from magic unmelds from your body.
Your +1 ring of evasion unmelds from your body.
The killer bee stings you.
* * * LOW HITPOINT WARNING * * *
The killer bee stings you!
* * * LOW HITPOINT WARNING * * *
The killer bee completely misses you. The killer bee barely misses you.
Casting: Ensorcelled Hibernation
Confirm with . or Enter, or press ? or * to list all spells.
Aiming: Ensorcelled Hibernation
Press: ? - help, Shift-Dir - straight line, f - killer bee
Aim: a killer bee (chance to defeat MR: 68%)
The killer bee struggles to resist.
The killer bee stings you.
You die...

............# ### ##..........#
#..........# #
##>........######## ###
#.............<...############..
#.............###...............
#..........##.# ######.#........
#..........##.########.#...(....
#..........##.y@y......#........
##............#######..#........
####...[).####...# ###..#........
...#.###### ###.###.............
.(....#### ###...#.##.#........
...#.....#####..>....##.##.######
.###.##....................# #
###..#.........#...#...[...######
# #)#...............####.........


You could see 2 killer bees.

Vanquished Creatures
  A queen bee (D:8)
  Grinder (D:6)
  Prince Ribbit (D:6)
  Sigmund (D:3)
  Eustachio (D:6)
  Menkaure (D:5)
  A sky beast (D:6)
  4 phantoms
  A black bear (D:6)
  4 ogres
  A centaur (D:7)
  A big kobold (D:7)
  2 giant frogs (D:6)
  3 scorpions
  6 killer bees (D:8)
  4 wights (D:8)
  4 howler monkeys (D:7)
  2 crimson imps
  5 jellies
  3 hounds
  Crazy Yiuf (D:2)
  2 orc priests
  An orc wizard (D:5)
  Terence (D:2)
  7 worker ants
  Robin (D:2)
  2 worker ant zombies
  11 adders
  A howler monkey skeleton (D:4)
  An adder skeleton (D:5)
  An adder zombie (D:5)
  8 worms
  4 giant geckos
  10 orcs
  4 bats
  7 giant cockroaches
  21 goblins
  9 hobgoblins
  14 jackals
  13 kobolds
  3 quokkas
  2 ball pythons
  5 giant newts
  12 rats
  A fungus (D:2)
189 creatures vanquished.

Notes
Turn   | Place    | Note
--------------------------------------------------------------
     0 | D:1      | Minkie the Vampire Enchanter began the quest for the Orb.
     0 | D:1      | Reached XP level 1. HP: 13/13 MP: 3/3
   189 | D:1      | Reached XP level 2. HP: 9/19 MP: 5/5
   193 | D:1      | Learned a level 2 spell: Ensorcelled Hibernation
   728 | D:1      | Reached skill level 5 in Hexes
   805 | D:1      | Reached XP level 3. HP: 24/24 MP: 6/6
   810 | D:1      | Learned a level 3 spell: Confuse
  1262 | D:1      | Reached skill level 5 in Stealth
  1434 | D:2      | Found an oddly glowing altar of Pakellas.
  1642 | D:2      | Noticed Robin
  1718 | D:2      | Killed Robin
  1718 | D:2      | Reached XP level 4. HP: 20/30 MP: 0/7
  1978 | D:2      | Noticed Terence
  1990 | D:2      | Killed Terence
  2189 | D:2      | Reached skill level 1 in Ice Magic
  2194 | D:2      | Reached XP level 5. HP: 35/35 MP: 3/8
  2638 | D:2      | Found a burning altar of Makhleb.
  2959 | D:2      | Noticed Crazy Yiuf
  2965 | D:2      | Killed Crazy Yiuf
  3084 | D:3      | Reached XP level 6. HP: 41/41 MP: 8/10
  3320 | D:3      | Noticed Sigmund
  3352 | D:3      | Killed Sigmund
  3829 | D:4      | Reached skill level 5 in Short Blades
  3829 | D:4      | Reached XP level 7. HP: 32/46 MP: 3/11
  4061 | D:4      | Found an opulent altar of Gozag.
  4803 | D:5      | Entered Level 5 of the Dungeon
  5227 | D:5      | Found an iron altar of Okawaru.
  5228 | D:5      | Found a blossoming altar of Fedhas.
  5230 | D:5      | Found a shattered altar of Ashenzari.
  5230 | D:5      | Found an ancient bone altar of Kikubaaqudgha.
  5230 | D:5      | Found a white marble altar of Elyvilon.
  5232 | D:5      | Found a deep blue altar of Sif Muna.
  5233 | D:5      | Found a snail-covered altar of Cheibriados.
  5241 | D:5      | Became a worshipper of Sif Muna the Loreminder
  5365 | D:5      | Noticed Menkaure
  5374 | D:5      | Killed Menkaure
  5685 | D:6      | Found Qopiol Luda's Quality Used Wands.
  5698 | D:6      | Reached XP level 8. HP: 52/52 MP: 11/13
  5982 | D:6      | Found a staircase to the Ecumenical Temple.
  6088 | D:6      | Noticed Eustachio
  6184 | D:6      | Noticed Grinder
  6343 | D:6      | Killed Grinder
  6431 | D:6      | Noticed Prince Ribbit
  6438 | D:6      | Killed Prince Ribbit
  6438 | D:6      | Reached * piety under Sif Muna
  6438 | D:6      | Reached XP level 9. HP: 57/57 MP: 8/16
  6637 | D:6      | Killed Eustachio
  6760 | D:7      | Reached skill level 5 in Spellcasting
  6857 | D:7      | Found a shimmering altar of Xom.
  6858 | D:7      | Found a shimmering altar of Xom.
  6860 | D:7      | Found a shimmering altar of Xom.
  6860 | D:7      | Found a shimmering altar of Xom.
  6860 | D:7      | Found a shimmering altar of Xom.
  6862 | D:7      | Found a shimmering altar of Xom.
  6864 | D:7      | Found a shimmering altar of Xom.
  6864 | D:7      | Found a shimmering altar of Xom.
  7218 | D:7      | Reached skill level 10 in Stealth
  7827 | D:8      | Noticed a queen bee
  7834 | D:8      | Killed a queen bee
  7834 | D:8      | Reached skill level 10 in Hexes
  7916 | D:7      | Slain by a killer bee

Skill      XL: |  1  2  3  4  5  6  7  8  9 |
---------------+----------------------------+-----
Short Blades   | 2 3 5 6 8 9 |  9.9
Hexes          | 5 6 7 8 10 | 10.0
Stealth        | 5 6 7 9 10 | 10.7
Ice Magic      | 1 2 |  2.0
Spellcasting   | 3 4 5 |  5.8
Dodging        | |  2.1

Action                   |  1- 3 |  4- 6 |  7- 9 || total
-------------------------+-------+-------+-------++-------
Melee: Dagger            |   109 |   136 |   211 ||   456
       Bite              |     5 |     9 |    15 ||    29
Throw: Tomahawk          |     5 |       |     3 ||     8
 Cast: Corona            |     1 |       |       ||     1
       Ensorcelled Hiber |    20 |    31 |    77 ||   128
       Confuse           |       |     5 |    14 ||    19
 Abil: End Transformatio |       |       |     1 ||     1
       Bat Form          |       |       |     1 ||     1
 Stab: Sleeping          |    19 |    34 |    78 ||   131
       Confused          |       |     3 |    12 ||    15
Armor: Robe              |    15 |    12 |    41 ||    68
Dodge: Dodged            |    73 |    32 |    77 ||   182
